[Event "Team 45 45 League T63"]
[Site "Internet Chess Club"]
[Date "2014.12.21"]
[Round "4"]
[White "Conjurer"]
[Black "Andaluz"]
[Result "0-1"]
[WhiteElo "1229"]
[BlackElo "1316"]
[Opening "Queen's bishop game"]
[ECO "D02"]
[Time "14:02:58"]
[TimeControl "2700+45"]

1. d4 Nf6 2. Nf3 d5 3. Bf4 e6 4. e3 Bb4+ 5. Nbd2 Nbd7 6. a3 Ba5 7. b4 Bb6 8. c4
c6 9. Bd3 Bc7 10. Bxc7 Qxc7 11. O-O O-O 12. Rc1 Qd8 13. Ne5 Re8 14. Ndf3 Nxe5
15. Nxe5 Nd7 16. Qf3 Qf6 17. b5 Nxe5 18. Qxf6 gxf6 19. dxe5 fxe5 20. bxc6 bxc6
21. e4 d4 22. c5 Rb8 23. Rb1 Bd7 24. f4 Rxb1 25. Bxb1 exf4 26. e5 Rb8 27. Be4
Rb5 28. Rxf4 Rxc5 29. Rg4+ Kf8 30. Bd3 Rxe5 31. Rxd4 Rd5 {White resigns} 0-1

[Event "Team 45 45 League T63"]
[Site "Internet Chess Club"]
[Date "2014.12.19"]
[Round "4"]
[White "parzival"]
[Black "Toalla"]
[Result "0-1"]
[WhiteElo "894"]
[BlackElo "1266"]
[Opening "King's Indian, 3.Nf3"]
[ECO "E60"]
[Time "19:06:39"]
[TimeControl "2700+45"]

1. d4 Nf6 2. c4 g6 3. Nf3 Bg7 4. d5 O-O 5. Bg5 c5 6. e3 Qa5+ 7. Nbd2 Ne4 8. Bd3
Bxb2 9. Bxe7 Bxa1 10. Qxa1 Nxd2 11. Nxd2 Re8 12. Bg5 d6 13. e4 Re5 14. Bf6 Nd7
15. Bh4 Rxe4+ 16. Bxe4 Ne5 17. Qb2 f5 18. Bc2 Bd7 19. Qxb7 Re8 20. O-O Qxd2 21.
Bb3 a5 22. Bf6 Qb4 23. Qa6 Nf7 24. g3 a4 25. Rb1 Re1+ 26. Rxe1 Qxe1+ 27. Kg2
Qe4+ 28. Kg1 Qe8 29. Bc2 Qe1+ 30. Kg2 Qe8 31. Qa7 h6 32. g4 Kf8 33. h3 Kg8 34.
gxf5 gxf5 35. Kg3 Kh7 36. Qa5 Kg6 37. Qc3 Ng5 38. Bg7 Qe7 39. Bh8 Ne4+ 40. Bxe4
fxe4 41. h4 h5 42. Qe3 Bg4 43. Qxe4+ Qxe4 44. f4 Qf3+ 45. Kh2 Qxf4+ 46. Kg1 Bf3
47. Bc3 {White resigns} 0-1

[Event "Team 45 45 League T63"]
[Site "Internet Chess Club"]
[Date "2014.12.22"]
[Round "4"]
[White "WzeroMN"]
[Black "oldbookseller"]
[Result "1-0"]
[WhiteElo "1087"]
[BlackElo "1019"]
[Opening "Ruy Lopez: Berlin defense, Beverwijk variation"]
[ECO "C64"]
[Time "09:00:17"]
[TimeControl "2700+45"]

1. e4 e5 2. Nf3 Nc6 3. Bb5 Bc5 4. O-O Nf6 5. d3 O-O 6. Bxc6 dxc6 7. Nxe5 Be6 8.
Re1 Qd4 9. Nf3 Qxf2+ 10. Kh1 Ng4 11. Qe2 Rad8 12. Qxf2 Nxf2+ 13. Kg1 Ng4+ 14.
Kf1 Bd6 15. h3 Nh2+ 16. Nxh2 Bxh2 17. Nd2 c5 18. Re2 Rfe8 19. Nf3 Bg3 20. Bg5
Rd6 21. Bh4 Bf4 22. Ng5 c4 23. g3 Bxh3+ 24. Nxh3 Bh6 25. Bg5 Re5 26. Bxh6 Rxh6
27. Nf4 Rh1+ 28. Kf2 Rxa1 29. dxc4 Rxa2 30. Rd2 Re8 31. Rd7 g5 32. Nd5 Rxe4 33.
Nf6+ Kg7 34. Nxe4 Rxb2 35. Rd2 a5 36. Nxg5 a4 37. Ke3 f5 38. Ne6+ Kf6 39. Nd4 a3
40. Rd3 a2 41. Ra3 Rb1 42. Rxa2 Re1+ 43. Kf2 Re4 44. c3 f4 45. gxf4 Rxf4+ 46.
Kg3 Rf1 47. Rf2+ Rxf2 48. Kxf2 h5 49. Kg3 Kg5 50. Kh3 Kf4 51. Ne6+ Ke5 52. Nxc7
Kd6 53. Nd5 Kc5 54. Ne3 b5 55. cxb5 Kxb5 56. Kh4 Kc5 57. Kxh5 Kd6 58. Kg5 Ke5
59. c4 Kd4 60. Kf4 Kc3 61. c5 Kd4 62. c6 Kc5 63. c7 Kc6 64. Nd5 Kd7 65. Ke5 Kc8
66. Kd6 Kb7 67. Kd7 {Black resigns} 1-0

[Event "Team 45 45 League T63"]
[Site "Internet Chess Club"]
[Date "2014.12.21"]
[Round "4"]
[White "KingOfClubs"]
[Black "Aquaman"]
[Result "0-1"]
[WhiteElo "1324"]
[BlackElo "1365"]
[Opening "QP counter-gambit: Maroczy gambit"]
[ECO "C40"]
[Time "15:00:31"]
[TimeControl "2700+45"]

1. e4 e5 2. Nf3 d5 3. exd5 Bd6 4. d4 e4 5. Ne5 Nf6 6. Bb5+ Bd7 7. Nxd7 Nbxd7 8.
Bg5 O-O 9. Nc3 Be7 10. Bxf6 Nxf6 11. O-O a6 12. Bc4 b5 13. Bb3 b4 14. Na4 Nxd5
15. c4 Nf6 16. Re1 Re8 17. Bc2 Bf8 18. Re3 Qd7 19. b3 Bd6 20. g3 Qh3 21. Qf1 Qh6
22. Rae1 Ng4 23. Qg2 Nxe3 24. Rxe3 f5 25. c5 Be7 26. h4 Bf6 27. d5 Bd4 28. Re2
Qc1+ 29. Qf1 Qxf1+ 30. Kxf1 a5 31. Bb1 Rad8 32. g4 g6 33. gxf5 gxf5 34. Nb2 Bxc5
35. f3 Rxd5 36. fxe4 fxe4 37. Bxe4 Rde5 38. Bd5+ Kg7 39. Rg2+ Kh6 40. Rd2 Re1+
41. Kg2 Rg1+ 42. Kh2 Rge1 43. Bc4 Bd6+ 44. Kg2 R8e3 45. Nd3 Rg3+ 46. Kf2 Reg1
47. Ne1 Bc5+ 48. Ke2 Re3+ 49. Kd1 Rexe1+ 50. Kc2 {White resigns} 0-1

[Event "Team 45 45 League T63"]
[Site "Internet Chess Club"]
[Date "2014.12.21"]
[Round "4"]
[White "semperfi"]
[Black "arconia"]
[Result "1-0"]
[WhiteElo "1398"]
[BlackElo "1297"]
[Opening "Queen's pawn game"]
[ECO "A46"]
[Time "19:00:53"]
[TimeControl "2700+45"]

1. d4 Nf6 2. Nf3 Nc6 3. e3 e6 4. Bd3 Be7 5. c3 O-O 6. Nbd2 d6 7. O-O e5 8. Qc2
a6 9. Re1 Nh5 10. Bxh7+ Kh8 11. Bd3 f5 12. dxe5 dxe5 13. Be2 e4 14. Nd4 Nf6 15.
Nxc6 bxc6 16. Nc4 Qe8 17. b3 Bd6 18. Nxd6 cxd6 19. c4 Qg6 20. Ba3 Ng4 21. Bxg4
fxg4 22. g3 Bf5 23. Rad1 Rad8 24. Qd2 Rf6 25. Bb2 Re6 26. Qa5 Rf8 27. Qxa6 d5
28. cxd5 cxd5 29. Qa3 Rd8 30. Bd4 Qh5 31. Qb2 Rg8 32. Rc1 Rh6 33. Rc7 Qxh2+ 34.
Kf1 Qh1+ 35. Ke2 Qf3+ 36. Kd2 Qxf2+ 37. Re2 Qxg3 38. Bxg7+ Kh7 39. Be5+ {Black
resigns} 1-0

[Event "Team 45 45 League T63"]
[Site "Internet Chess Club"]
[Date "2014.12.20"]
[Round "4"]
[White "rhayder"]
[Black "RobertBuice"]
[Result "0-1"]
[WhiteElo "1353"]
[BlackElo "1209"]
[Opening "Caro-Kann: advance variation"]
[ECO "B12"]
[Time "12:04:39"]
[TimeControl "2700+45"]

1. e4 c6 2. d4 d5 3. e5 e6 4. Nf3 h6 5. Be2 Bb4+ 6. c3 Ba5 7. b4 Bb6 8. b5 c5 9.
O-O cxd4 10. cxd4 a6 11. bxa6 bxa6 12. Nc3 Ne7 13. Na4 Nbc6 14. Nxb6 Qxb6 15.
Rb1 Qxb1 {White resigns} 0-1

[Event "Team 45 45 League T63"]
[Site "Internet Chess Club"]
[Date "2014.12.22"]
[Round "4"]
[White "artspir"]
[Black "stantheman59"]
[Result "0-1"]
[WhiteElo "1191"]
[BlackElo "1231"]
[Opening "Queen's pawn game"]
[ECO "A46"]
[Time "20:02:09"]
[TimeControl "2700+45"]

1. d4 Nf6 2. Nf3 e6 3. Bf4 d6 4. c4 Nbd7 5. e3 d5 6. Nbd2 c6 7. Bd3 c5 8. O-O
Nh5 9. Bg3 Nxg3 10. hxg3 Be7 11. b3 b6 12. Ne5 Nxe5 13. dxe5 Ba6 14. Qe2 Qb8 15.
f4 O-O 16. cxd5 Bxd3 17. Qxd3 Rd8 18. d6 Rd7 19. g4 f6 20. Qe2 Bd8 21. Ne4 f5
22. gxf5 exf5 23. Ng3 g6 24. Qc4+ Kg7 25. e4 Bh4 26. exf5 Bxg3 27. f6+ Kf8 28.
Rad1 h5 29. e6 Rxd6 30. e7+ Ke8 31. Rxd6 Qxd6 32. Qg8+ Kd7 33. Qc8+ Rxc8 {White
resigns} 0-1

[Event "Team 45 45 League T63"]
[Site "Internet Chess Club"]
[Date "2014.12.22"]
[Round "4"]
[White "Jiawen5"]
[Black "dabodhi"]
[Result "0-1"]
[WhiteElo "1214"]
[BlackElo "1381"]
[Opening "French: Steinitz variation"]
[ECO "C11"]
[Time "20:00:23"]
[TimeControl "2700+45"]

1. e4 e6 2. d4 d5 3. Nc3 Nf6 4. e5 Nfd7 5. Nf3 c5 6. Bd3 Nc6 7. Be3 Qb6 8. b3
cxd4 9. Nxd4 Nxd4 10. Na4 Qa5+ 11. c3 Nc6 12. b4 Qc7 13. b5 Ncxe5 14. f4 Nxd3+
15. Qxd3 Nc5 16. Nxc5 Bxc5 17. Bxc5 Qxc5 18. Qd4 Qxd4 19. cxd4 O-O 20. O-O Bd7
21. a4 b6 22. Rac1 Rfc8 23. Rb1 Rc4 24. Rfd1 Rxa4 25. Rd3 Rc8 26. Kf1 Rcc4 27.
Rbd1 Bxb5 28. Ke1 Ra2 29. R3d2 Rcc2 30. Rxc2 Rxc2 31. Rd2 Rc1+ 32. Kf2 Rc3 33.
Rb2 Bc4 34. Rd2 a5 35. Rb2 b5 36. Ke1 Rd3 37. Rd2 a4 38. Kd1 a3 39. Kc1 Rxd2 40.
Kxd2 a2 41. Kc2 a1=Q 42. Kd2 Qxd4+ 43. Kc2 Qd3+ 44. Kb2 b4 45. Kc1 b3 46. Kb2
Qd2+ 47. Kb1 Bd3+ 48. Ka1 Qc1# {White checkmated} 0-1

[Event "Team 45 45 League T63"]
[Site "Internet Chess Club"]
[Date "2014.12.22"]
[Round "4"]
[White "seattleblues"]
[Black "chesscharm"]
[Result "1-0"]
[WhiteElo "1400"]
[BlackElo "1179"]
[Opening "Queen's pawn game, Darooha variation "]
[ECO "D02"]
[Time "21:00:20"]
[TimeControl "2700+45"]

1. d4 d5 2. Nf3 Nf6 3. c4 Nc6 4. Nc3 Bf5 5. a3 e6 6. Bf4 Be7 7. Nb5 a6 8. Nxc7+
Kf8 9. Nxa8 Qxa8 10. e3 Ne4 11. cxd5 exd5 12. Bd3 Qa7 13. O-O Bg4 14. Be2 Qa8
15. h3 Bh5 16. Rc1 Qc8 17. Ne5 Bxe2 18. Qxe2 Bf6 19. Rc2 Bxe5 20. Bxe5 f6 21.
Bh2 Kf7 22. Qh5+ g6 23. Qxd5+ Qe6 24. Qxe6+ Kxe6 25. f3 Ng5 26. h4 Nf7 27. Rd1
Ke7 28. d5 Nce5 29. Rc7+ Nd7 30. Rxb7 Rc8 31. d6+ Ke6 32. Ra7 Rc6 33. Ra8 Nxd6
34. Bxd6 Rxd6 35. Rxd6+ Kxd6 36. Rxa6+ Kc7 37. Kf2 Kb7 38. Ra4 Nc5 39. Rb4+ Kc6
40. e4 Nd3+ 41. Ke3 Nxb4 42. axb4 Kb5 43. Kd4 Kxb4 44. f4 Kb3 45. e5 fxe5+ 46.
fxe5 Kb4 47. e6 Kb5 48. e7 Kc6 49. e8=Q+ Kd6 50. b4 Kc7 51. b5 h5 52. Qc6+ Kd8
53. b6 g5 54. hxg5 h4 55. g6 h3 56. gxh3 Ke7 57. b7 Kf8 58. b8=Q+ Kg7 59. Qe5+
Kh6 60. Qh8+ Kg5 61. Qcf6# {Black checkmated} 1-0

[Event "Team 45 45 League T63"]
[Site "Internet Chess Club"]
[Date "2014.12.20"]
[Round "4"]
[White "princevultan2"]
[Black "Just-Jim"]
[Result "0-1"]
[WhiteElo "1126"]
[BlackElo "1341"]
[Opening "Three knights game"]
[ECO "C46"]
[Time "17:00:19"]
[TimeControl "2700+45"]

1. e4 e5 2. Nf3 Nc6 3. Nc3 d6 4. d4 Nxd4 5. Nxd4 exd4 6. Qxd4 f6 7. Bc4 Ne7 8.
O-O c5 9. Qd3 Ng6 10. Bb5+ Bd7 11. Bc4 Ne5 12. Qe2 Nxc4 13. Qxc4 Qe7 14. f4 a6
15. Re1 O-O-O 16. a4 Be6 17. Nd5 Bxd5 18. Qxd5 Qc7 19. e5 dxe5 20. Qe6+ Kb8 21.
fxe5 fxe5 22. Rxe5 Rd1+ 23. Kf2 Bd6 24. Rd5 Rxd5 25. Qxd5 Rf8+ 26. Kg1 Bxh2+ 27.
Kh1 Rf1# {White checkmated} 0-1

[Event "Team 45 45 League T63"]
[Site "Internet Chess Club"]
[Date "2014.12.22"]
[Round "4"]
[White "jjaco"]
[Black "RockingCHESS"]
[Result "1/2-1/2"]
[WhiteElo "1006"]
[BlackElo "1116"]
[Opening "Ruy Lopez: Berlin defense, Beverwijk variation"]
[ECO "C65"]
[Time "10:09:24"]
[TimeControl "2700+45"]

1. e4 e5 2. Nf3 Nc6 3. Bb5 Nf6 4. O-O Bc5 5. c3 O-O 6. Re1 d5 7. d3 Be6 8. Bg5
a6 9. Bxc6 bxc6 10. Nbd2 h6 11. Bh4 dxe4 12. dxe4 Re8 13. Nxe5 Qd6 14. Nef3 Rad8
15. Qe2 Qd3 16. Rad1 Qxe2 17. Rxe2 Rd6 18. e5 Bc4 19. Ree1 Rde6 20. exf6 gxf6
21. Bxf6 Bxa2 22. Ra1 Rxf6 23. Rxa2 Rxe1+ 24. Nxe1 Bxf2+ 25. Kf1 Be3+ 26. Ke2
Bg1 27. Ne4 Re6 28. Kd3 Bxh2 29. Rxa6 Kf8 30. Nf3 Bf4 31. Nd4 Rg6 32. Nxc6 Ke8
33. b4 Kd7 34. b5 h5 35. Nc5+ {Game drawn by mutual agreement} 1/2-1/2

[Event "Team 45 45 League T63"]
[Site "Internet Chess Club"]
[Date "2014.12.20"]
[Round "4"]
[White "zap2"]
[Black "Packerfan"]
[Result "0-1"]
[WhiteElo "1697"]
[BlackElo "1750"]
[Opening "Benko's opening"]
[ECO "A00"]
[Time "10:05:08"]
[TimeControl "2700+45"]

1. g3 Nf6 2. Bg2 g6 3. Nf3 Bg7 4. O-O d5 5. c4 dxc4 6. Qa4+ Nc6 7. Ne5 Bd7 8.
Nxd7 Qxd7 9. Qxc4 O-O 10. d3 Qd4 11. Qxd4 Nxd4 12. Nc3 c6 13. Bf4 e6 14. Be5
Rfd8 15. Rac1 Rac8 16. Rfe1 Nd5 17. Bxg7 Kxg7 18. e3 Nxc3 19. bxc3 Nb5 20. c4
Nc7 21. d4 e5 22. dxe5 Rd2 23. Rb1 Rxa2 24. Rxb7 Ne6 25. Bh3 Re8 26. f4 Nc5 27.
Rc7 Nd3 28. Rb1 Nf2 29. Be6 Rxe6 30. Rbb7 Kh6 31. Rxf7 Nh3+ 32. Kf1 Kh5 33.
Rxh7+ Kg4 34. Rxa7 Rxh2 35. e4 c5 36. Rhb7 Kxg3 37. f5 gxf5 38. Rb3+ Kg4 39.
Rg7+ Kf4 40. Rgg3 Rh1+ 41. Kg2 Rg1+ 42. Kh2 Rxg3 43. Rxg3 Nf2 44. exf5 Rxe5 45.
Kg2 Ne4 46. Rf3+ Kg5 47. Re3 Kxf5 48. Kf1 Nd2+ 49. Ke2 Rxe3+ 50. Kxe3 Nxc4+ 51.
Kd3 Nd6 52. Kc3 Ke5 53. Kd3 Kd5 54. Kc3 Nb5+ 55. Kd3 c4+ 56. Kd2 Kd4 57. Kc2 Ke3
58. Kc1 Kd3 59. Kd1 c3 60. Kc1 c2 61. Kb2 Kd2 62. Ka2 c1=Q 63. Kb3 Qc3+ 64. Ka2
Qb4 65. Ka1 Kc2 {White resigns} 0-1

[Event "Team 45 45 League T63"]
[Site "Internet Chess Club"]
[Date "2014.12.21"]
[Round "4"]
[White "clarinetref"]
[Black "Salvatore"]
[Result "0-1"]
[WhiteElo "1608"]
[BlackElo "1639"]
[Opening "Sicilian: Nimzovich-Rossolimo attack (without ...d6)"]
[ECO "B30"]
[Time "11:08:57"]
[TimeControl "2700+45"]

1. e4 c5 2. Nf3 Nc6 3. Bb5 Qc7 4. Nc3 e6 5. O-O g6 6. d4 Bg7 7. d5 Nd4 8. Rb1
Nf6 9. Be3 Ng4 10. Bxd4 Bxd4 11. g3 O-O 12. Nxd4 cxd4 13. Qxd4 e5 14. Qd1 d6 15.
Be2 Nf6 16. Bf3 Bd7 17. Bg2 Rac8 18. Qf3 Qd8 19. h3 Nh5 20. Qe3 f5 21. f4 exf4
22. gxf4 fxe4 23. Nxe4 Bf5 24. Qa3 Qb6+ 25. Kh2 Rxc2 26. Nxd6 Rxg2+ 27. Kxg2
Bxb1 28. Rxb1 Nxf4+ 29. Kh1 Qf2 30. Rg1 Ne2 31. Rg2 Qf1+ 32. Kh2 Nf4 33. Rg3
Qe2+ 34. Kh1 Nxh3 35. Rg2 Nf2+ 36. Kh2 Qh5+ 37. Kg1 Qh1# {White checkmated} 0-1

[Event "Team 45 45 League T63"]
[Site "Internet Chess Club"]
[Date "2014.12.21"]
[Round "4"]
[White "hondocando"]
[Black "RD1974"]
[Result "1/2-1/2"]
[WhiteElo "1570"]
[BlackElo "1628"]
[Opening "Sicilian: closed, Korchnoi variation"]
[ECO "B23"]
[Time "17:00:20"]
[TimeControl "2700+45"]

1. e4 c5 2. Nc3 e6 3. g3 d5 4. exd5 exd5 5. Bg2 Nf6 6. d3 h6 7. Nge2 Bg4 8. O-O
Be7 9. f3 Be6 10. b3 Nc6 11. Bb2 O-O 12. f4 Qd7 13. d4 b6 14. a3 cxd4 15. Nb1
Ng4 16. Bc1 Bf6 17. h3 d3 18. Qxd3 Bxa1 19. hxg4 Bxg4 20. Kh2 Bf6 21. Nec3 Ne7
22. Bxd5 Rad8 23. Be4 Qxd3 24. Bxd3 Bf5 25. Ne4 Rxd3 26. Nxf6+ gxf6 27. cxd3
Bxd3 28. Re1 Nc6 29. Nd2 Nd4 30. Re7 Bc2 31. b4 Ra8 32. Bb2 Nf5 33. Rc7 Bd3 34.
Bxf6 Re8 35. Nc4 Re2+ 36. Kh3 Rc2 37. Rc8+ Kh7 38. Rh8+ Kg6 39. Ne5+ Kxf6 40.
Nxd3 Rc3 41. Rd8 Rxa3 42. Kh2 a5 43. g4 Ke7 44. Rd5 Nd6 45. bxa5 bxa5 46. Re5+
Kf6 47. Nc5 Ra2+ 48. Kg1 Nc4 49. Rh5 Kg6 50. f5+ Kg7 51. Ne4 Ne3 52. Nf2 a4 53.
Rh3 Ra1+ 54. Kh2 Ra3 55. Kh1 Ra1+ 56. Kh2 Nf1+ 57. Kg2 a3 58. Ne4 a2 59. Ra3
Ne3+ 60. Kh2 Nxg4+ 61. Kg2 Ne3+ 62. Kh2 Nxf5 63. Nc3 h5 64. Nxa2 Kg6 65. Ra6+ f6
66. Nb4 Rxa6 67. Nxa6 Kg5 68. Nc7 Nd4 69. Kg3 h4+ 70. Kh3 f5 71. Nd5 f4 72. Nxf4
Kxf4 73. Kxh4 {Game drawn because neither player has mating material} 1/2-1/2

[Event "Team 45 45 League T63"]
[Site "Internet Chess Club"]
[Date "2014.12.18"]
[Round "4"]
[White "PostMike"]
[Black "Tjet"]
[Result "1-0"]
[WhiteElo "1451"]
[BlackElo "1585"]
[Opening "King's pawn opening"]
[ECO "B07"]
[Time "14:33:01"]
[TimeControl "2700+45"]

1. e4 d6 2. d4 e5 3. dxe5 dxe5 4. Qxd8+ Kxd8 5. Nf3 f6 6. Nc3 c6 7. Bc4 Kc7 8.
O-O Nd7 9. a4 Bc5 10. a5 a6 11. Ne1 Bb4 12. Nd3 Bxc3 13. bxc3 Ne7 14. Be3 g5 15.
Rfb1 Ng6 16. Nc5 Nxc5 17. Bxc5 b5 18. Bb6+ Kb7 19. Ba2 Re8 20. Rd1 Re7 21. Rd8
Bd7 22. Rd1 Rxd8 23. Bxd8 Kc8 24. Bxe7 Nxe7 25. Rd6 f5 26. f3 fxe4 27. fxe4 Kc7
28. Rh6 c5 29. Be6 Bxe6 30. Rxe6 Nc6 31. Rh6 Nxa5 32. Rxa6 Nc4 33. Ra7+ Kc6 34.
Rxh7 Ne3 35. Rh6+ Kc7 36. Re6 Nxc2 37. Rxe5 Kb6 38. Kf2 b4 39. cxb4 cxb4 40. Rd5
b3 41. Rd3 Na1 42. Rd1 Nc2 43. Rb1 Kc5 44. Rxb3 Nd4 45. Rg3 Ne6 46. Ra3 Kd4 47.
Ra4+ Ke5 48. Kg3 Nf4 49. Kf3 Ne6 50. Ra5+ Kf6 51. Kg4 Kg6 52. Ra6 Kf6 53. Rxe6+
Kxe6 54. Kxg5 Ke5 55. h4 {Black resigns} 1-0

[Event "Team 45 45 League T63"]
[Site "Internet Chess Club"]
[Date "2014.12.23"]
[Round "4"]
[White "Schachteufel"]
[Black "room-matt"]
[Result "0-1"]
[WhiteElo "1705"]
[BlackElo "1892"]
[Opening "Ruy Lopez: Schliemann defense"]
[ECO "C63"]
[Time "15:05:42"]
[TimeControl "2700+45"]

1. e4 e5 2. Nf3 Nc6 3. Bb5 f5 4. d3 fxe4 5. dxe4 Nf6 6. Nc3 Bb4 7. Bd2 d6 8. Nd5
Bxd2+ 9. Nxd2 O-O 10. Qe2 Nd4 11. Qd3 c6 12. Nxf6+ Qxf6 13. Bc4+ d5 14. exd5
Qxf2+ 15. Kd1 Bg4+ 16. Kc1 Qxg2 17. dxc6+ Kh8 18. Re1 bxc6 19. Qg3 Rf2 20. Qxg2
Rxg2 21. h4 Bf5 22. Bd3 Bxd3 23. cxd3 Rf8 24. Ne4 Nc2 {White resigns} 0-1

[Event "Team 45 45 League T63"]
[Site "Internet Chess Club"]
[Date "2014.12.20"]
[Round "4"]
[White "rayngrant"]
[Black "portis2"]
[Result "1-0"]
[WhiteElo "1611"]
[BlackElo "1646"]
[Opening "French: classical variation"]
[ECO "C14"]
[Time "12:08:49"]
[TimeControl "2700+45"]

1. e4 e6 2. d4 d5 3. Nc3 Nf6 4. Bg5 Be7 5. e5 Nfd7 6. Bxe7 Qxe7 7. Nf3 a6 8. Bd3
c5 9. O-O b5 10. dxc5 Qxc5 11. Ng5 h6 12. Qh5 Qe7 13. Nxf7 Rf8 14. Nd6+ Kd8 15.
f4 Nc5 16. Qe2 Nc6 17. a3 Nb7 18. Nxc8 Kxc8 19. b4 Kc7 20. Rf2 Rac8 21. Raf1 Kb8
22. f5 exf5 23. Nxd5 Qxe5 24. Qxe5+ Nxe5 25. Bxf5 Rcd8 26. Be4 Rxf2 27. Rxf2 Nd6
28. Nc3 Nxe4 29. Nxe4 Nc4 30. Nc5 Rd1+ 31. Rf1 Rxf1+ 32. Kxf1 Nxa3 33. Nxa6+ Ka7
34. Nc7 Nxc2 35. Nxb5+ Kb6 36. Nd6 h5 37. h4 g6 38. Nc4+ Kb5 39. Ne5 Kxb4 40.
Nxg6 Kc4 41. Kf2 Kd4 42. Nf4 Ke4 43. Nxh5 Kf5 44. g3 Nd4 45. Nf4 Kg4 46. Ng2 Kf5
47. Ke3 Nc2+ 48. Kd3 Nb4+ 49. Kd4 Nc6+ 50. Kc5 Ne5 51. Kd5 Ng4 52. Kd4 {Black
resigns} 1-0

[Event "Team 45 45 League T63"]
[Site "Internet Chess Club"]
[Date "2014.12.21"]
[Round "4"]
[White "krysto"]
[Black "Herbie1"]
[Result "1-0"]
[WhiteElo "1575"]
[BlackElo "1664"]
[Opening "QGD Slav: 4.Nc3"]
[ECO "D15"]
[Time "11:00:55"]
[TimeControl "2700+45"]

1. d4 c6 2. c4 d5 3. Nc3 Nf6 4. Nf3 h6 5. e3 Bg4 6. Bd3 Nbd7 7. O-O e6 8. e4 e5
9. exd5 exd4 10. Re1+ Be7 11. d6 dxc3 12. Rxe7+ Kf8 13. bxc3 Nc5 14. Bc2 Ne8 15.
Bf4 Be6 16. Qd4 b6 17. Rd1 Nd7 18. Be4 Rc8 19. Ne5 Nxd6 20. Qxd6 Qxe7 21. Nxd7+
Bxd7 22. Qd3 Re8 23. Bd6 {Black resigns} 1-0

[Event "Team 45 45 League T63"]
[Site "Internet Chess Club"]
[Date "2014.12.20"]
[Round "4"]
[White "julesraider"]
[Black "Berke"]
[Result "0-1"]
[WhiteElo "1526"]
[BlackElo "1607"]
[Opening "Benkö gambit accepted"]
[ECO "A58"]
[Time "14:00:23"]
[TimeControl "2700+45"]

1. d4 Nf6 2. c4 c5 3. d5 b5 4. cxb5 a6 5. bxa6 Bxa6 6. Nc3 g6 7. g3 Bg7 8. Bg2
d6 9. Nf3 O-O 10. O-O Nbd7 11. Rb1 Qa5 12. Bd2 Rfb8 13. Qc2 Qc7 14. Rfe1 Bc4 15.
b3 Bxd5 16. Nxd5 Nxd5 17. a4 Nb4 18. Bxb4 Rxb4 19. Qc4 Rxc4 20. bxc4 Rxa4 {White
resigns} 0-1

[Event "Team 45 45 League T63"]
[Site "Internet Chess Club"]
[Date "2014.12.20"]
[Round "4"]
[White "backrankbrawler"]
[Black "justice02"]
[Result "1-0"]
[WhiteElo "1782"]
[BlackElo "1733"]
[Opening "QGD Slav defense"]
[ECO "D10"]
[Time "23:00:17"]
[TimeControl "2700+45"]

1. d4 d5 2. c4 c6 3. Nc3 a6 4. Nf3 Bf5 5. cxd5 cxd5 6. Qb3 e6 7. Qxb7 Nd7 8. e3
Ne7 9. Be2 Qc8 10. Qxc8+ Nxc8 11. a3 Be7 12. b4 Ncb6 13. O-O O-O 14. Bd2 Rfc8
15. Rfc1 h6 16. Ne1 Nc4 17. Bxc4 Rxc4 18. Na4 Rac8 19. Nc5 Rxc1 20. Rxc1 Nxc5
21. dxc5 e5 22. Nf3 e4 23. Nd4 Bd7 24. c6 Be8 25. a4 g6 26. b5 axb5 27. axb5 Bf6
28. b6 Bxd4 29. b7 {Black resigns} 1-0

[Event "Team 45 45 League T63"]
[Site "Internet Chess Club"]
[Date "2014.12.19"]
[Round "4"]
[White "Grenadier"]
[Black "amicusUK"]
[Result "0-1"]
[WhiteElo "1590"]
[BlackElo "1673"]
[Opening "French: advance, Paulsen attack"]
[ECO "C02"]
[Time "08:00:13"]
[TimeControl "2700+45"]

1. e4 e6 2. d4 d5 3. e5 c5 4. c3 Nc6 5. Nf3 Nge7 6. dxc5 Ng6 7. Be3 Ngxe5 8.
Nxe5 Nxe5 9. Nd2 Qc7 10. Qa4+ Bd7 11. Qd4 Nc6 12. Qg4 e5 13. Qg3 f5 14. Be2 f4
15. Qg5 fxe3 16. fxe3 Be7 17. Qxg7 O-O-O 18. Bb5 Bxc5 19. O-O-O Bxe3 20. Rhe1 d4
21. Bxc6 Qxc6 22. Qxe5 Rhe8 23. Qa5 Bg4 24. Qxa7 dxc3 25. Rxe3 Rxe3 26. Qa8+ Kc7
27. Qa5+ b6 28. Qa7+ Kc8 29. Qa6+ Kb8 30. Qf1 cxd2+ 31. Kb1 Qe4+ 32. Ka1 {White
resigns} 0-1

[Event "Team 45 45 League T63"]
[Site "Internet Chess Club"]
[Date "2014.12.21"]
[Round "4"]
[White "Innes"]
[Black "zepled37"]
[Result "1/2-1/2"]
[WhiteElo "1594"]
[BlackElo "1657"]
[Opening "Sicilian: Smith-Morra gambit"]
[ECO "B21"]
[Time "17:09:34"]
[TimeControl "2700+45"]

1. e4 c5 2. d4 cxd4 3. c3 dxc3 4. Nxc3 Nc6 5. Bc4 e6 6. Nf3 d6 7. O-O Nf6 8. h3
Be7 9. Qe2 O-O 10. Rd1 e5 11. a3 Be6 12. Bb5 Rc8 13. Bxc6 bxc6 14. Nxe5 Qc7 15.
Nf3 Nd7 16. Bf4 Ne5 17. Rac1 Qa5 18. Nxe5 dxe5 19. Be3 Bb3 20. Rd2 Rfd8 21. Qg4
Be6 22. Qh5 f6 23. Rxd8+ Rxd8 24. Ne2 Qb5 25. Ng3 Bf7 26. Qg4 Bg6 27. Nf5 Bf8
28. h4 Qxb2 29. Rxc6 Qxa3 30. h5 Bxf5 31. exf5 Qe7 32. h6 Qd7 33. Qc4+ Qd5 34.
Qxd5+ Rxd5 35. Bxa7 Rd7 36. Be3 gxh6 37. Rxf6 Rf7 38. Re6 Rxf5 39. Bxh6 Bxh6 40.
Rxh6 Kg7 41. Ra6 Rf7 42. g4 Rf4 43. f3 Rxf3 44. Kg2 Rf4 45. Kg3 Re4 46. Kf3 Rf4+
47. Kg3 Rf7 48. Re6 Ra7 49. Rxe5 Ra3+ 50. Kf4 Kg6 51. Re6+ Kf7 52. Rb6 Ra4+
{Game drawn by mutual agreement} 1/2-1/2

[Event "Team 45 45 League T63"]
[Site "Internet Chess Club"]
[Date "2014.12.22"]
[Round "4"]
[White "GoIrish"]
[Black "unclevinny"]
[Result "1-0"]
[WhiteElo "1599"]
[BlackElo "1625"]
[Opening "Réti: King's Indian attack (Barcza system)"]
[ECO "A07"]
[Time "21:00:30"]
[TimeControl "2700+45"]

1. Nf3 d5 2. g3 c6 3. Bg2 Nf6 4. O-O Bf5 5. d3 h6 6. Nbd2 e6 7. b3 Be7 8. Bb2
O-O 9. c4 Bh7 10. cxd5 exd5 11. Ne5 Nbd7 12. Ndf3 Re8 13. Qd2 Bd6 14. Nxd7 Nxd7
15. Rfe1 Nf6 16. Bh3 Qe7 17. a3 a5 18. Nd4 Be5 19. Nf5 Bxf5 20. Bxf5 Bd6 21. Bh3
b6 22. e3 Nh7 23. Qc3 Be5 24. d4 Bc7 25. Qxc6 Qd6 26. Qxd6 Bxd6 27. Bd7 Red8 28.
Bc6 Rac8 29. Bxd5 Rc2 30. Rab1 Rdc8 31. Be4 Rd2 32. Bc1 Ra2 33. a4 Nf6 34. Bf3
Rcc2 35. Rf1 Bb4 36. h3 Bd2 37. Bxd2 Rxd2 38. Rbd1 Rdb2 39. Bc6 Rxb3 40. d5 Rbb2
41. d6 Kf8 42. d7 Nxd7 43. Bxd7 Ke7 44. Bb5 Rd2 45. Rxd2 {Black resigns} 1-0

[Event "Team 45 45 League T63"]
[Site "Internet Chess Club"]
[Date "2014.12.21"]
[Round "4"]
[White "frank001"]
[Black "zugknightly"]
[Result "1-0"]
[WhiteElo "1869"]
[BlackElo "1740"]
[Opening "Modern defense"]
[ECO "A40"]
[Time "08:06:55"]
[TimeControl "2700+45"]

1. d4 g6 2. c4 Bg7 3. Nc3 c5 4. Nf3 cxd4 5. Nxd4 a6 6. e4 Qb6 7. Nc2 Nc6 8. Be2
Bxc3+ 9. bxc3 Nf6 10. Bd3 Ne5 11. O-O Nxd3 12. Qxd3 d6 13. h3 Be6 14. Bh6 Nd7
15. Ne3 Qc6 16. Bg7 Rg8 17. Bd4 Nc5 18. Bxc5 Qxc5 19. Rab1 b6 20. Nd5 Rb8 21.
Rb4 Kd7 22. Rfb1 Bxd5 23. cxd5 b5 24. a4 Rgc8 25. Qg3 Qxc3 26. Qg4+ e6 27. dxe6+
fxe6 28. axb5 axb5 29. Qh4 Qg7 30. Rxb5 Rxb5 31. Rxb5 Rc7 32. Qf4 Ke7 33. g3 Qf6
34. Qh6 Qh8 35. Qh4+ Kd7 36. Kg2 Rc5 37. Rb7+ Rc7 38. Rxc7+ Kxc7 39. Qe7+ Kc6
40. Qxe6 Qe5 41. Qxe5 dxe5 42. Kf3 Kc5 43. Kg4 h6 44. f4 Kd4 45. f5 gxf5+ 46.
Kxf5 {Black resigns} 1-0

[Event "Team 45 45 League T63"]
[Site "Internet Chess Club"]
[Date "2014.12.22"]
[Round "4"]
[White "otherook"]
[Black "QuieroAprender"]
[Result "1-0"]
[WhiteElo "1781"]
[BlackElo "1634"]
[Opening "Réti opening"]
[ECO "A04"]
[Time "16:42:53"]
[TimeControl "2700+45"]

1. Nf3 Nc6 2. c4 Nf6 3. g3 e6 4. Bg2 Bc5 5. O-O O-O 6. d4 Be7 7. Nc3 d5 8. b3
dxc4 9. bxc4 Bb4 10. Bb2 Qe7 11. Qc2 h6 12. e3 a6 13. Rfd1 Bxc3 14. Bxc3 Nb4 15.
Qb2 Nc6 16. d5 exd5 17. cxd5 Na7 18. Bb4 Qd7 19. Bxf8 Kxf8 20. Rac1 Nxd5 21. e4
{Black resigns} 1-0